 Dungeon Crawl Stone Soup version 0.25-a0-578-gc91f01c39c (webtiles) character file.

Game seed: 18318601547047085240, levelgen mode: deterministic

0 Gargoyl the Skirmisher (level 1, -7/19 HPs)
             Began as a Centaur Abyssal Knight on Mar 4, 2020.
             Was a Follower of Lugonu.
             Mangled by a spatial maelstrom (10 damage)
             ... on level 1 of the Abyss.
             The game lasted 00:00:13 (81 turns).

Gargoyl the Skirmisher (Centaur Abyssal Knight)       Turns: 81, Time: 00:00:13

Health: -7/19      AC:  4    Str: 14    XL:     1   Next: 0%
Magic:  2/2        EV:  9    Int: 11    God:    Lugonu [*.....]
Gold:   20         SH:  0    Dex:  8    Spells: 0/0 levels left

rFire    . . .     SeeInvis .   a - +1 hand axe
rCold    . . .     Gourm    .   (no shield)
rNeg     . . .     Faith    .   b - +0 leather armour
rPois    .         Spirit   .   (no helmet)
rElec    .         Reflect  .   (no cloak)
rCorr    .         Harm     .   (no gloves)
MR       .....                  (no barding)
Stlth    ..........             (no amulet)
HPRegen  0.06/turn              (no ring)
MPRegen  0.08/turn              (no ring)

@: very quick
A: large, hooves 3, deformed body, speed 2, tough skin 3
a: Depart the Abyss, Renounce Religion


You were on level 1 of the Abyss.
You worshipped Lugonu.
Lugonu was aware of your devotion.
You were not hungry.

You visited 0 branches of the dungeon, and saw 0 of its levels.
You visited the Abyss 1 time.

You collected 20 gold pieces.

Inventory:

Hand Weapons
 a - a +1 hand axe (weapon)
Armour
 b - a +0 leather armour (worn)
Scrolls
 d - a scroll of fear {unknown}
Comestibles
 c - a ration


   Skills:
 + Level 3.0 Fighting
 + Level 1.7 Axes
 + Level 1.3 Armour
 + Level 0.6 Dodging
 + Level 2.0 Invocations


You couldn't memorise any spells.
You didn't know any spells.
Your spell library was empty.

Dungeon Overview and Level Annotations

Branches:
Dungeon (0/15)

Altars:


Innate Abilities, Weirdness & Mutations

You have hooves in place of feet.
Armour fits poorly on your strangely shaped body.
You cover ground very quickly.
You have extremely tough skin. (AC +3)


Message History

A spatial maelstrom comes into view.
A spatial vortex comes into view.
A spatial vortex comes into view.
A tentacle flies out from the starspawn's body!
The iron imp shouts, "Decamp, thou bumbling doghearted flim-flammer!"
A spatial vortex and a starspawn tentacle come into view.
A spatial vortex comes into view.
The ufetubus shouts!
A spatial vortex comes into view.
A spatial vortex comes into view.
A small abomination and a large abomination come into view.
A bone dragon comes into view.
A spatial vortex comes into view.
A spatial vortex comes into view.
The spatial maelstrom hits you. Space warps horribly around you!
Ouch! That really hurt!
* * * LOW HITPOINT WARNING * * *
The spatial maelstrom hits you!
Ouch! That really hurt!
You die...

#. . ##. ....
.. §#.
#.#........
.§##..5v...###v
#..#....#..
#.5#..#.. #.#
#...######.
v..#.#. # ##.##
.##.#
#.....###@##
..§##..#.vv..#
......x#D.###
#.X..#..#.##
#.....#.#v .#
....#.. ...
..#. #...##..#
... . .


You could see a bone dragon, a spatial maelstrom, 2 spatial vortices and a small
abomination.

Vanquished Creatures (others)
  4 starspawn tentacles (Abyss:1)
4 creatures vanquished.

Notes
Turn   | Place    | Note
-------+----------+-------------------------------------------
     0 | Abyss:1  | Gargoyl the Centaur Abyssal Knight began the quest for the
                  | Orb.
     0 | Abyss:1  | Reached XP level 1. HP: 19/19 MP: 2/2
    47 | Abyss:1  | Noticed an iron imp
    56 | Abyss:1  | Noticed a tentacled starspawn
    58 | Abyss:1  | Noticed a spatial vortex
    61 | Abyss:1  | Noticed a spatial vortex
    62 | Abyss:1  | Noticed a spatial vortex
    64 | Abyss:1  | Noticed a spatial maelstrom
    66 | Abyss:1  | Noticed a spatial vortex
    68 | Abyss:1  | Noticed a spatial vortex
    71 | Abyss:1  | Noticed a spatial vortex
    73 | Abyss:1  | Noticed a spatial vortex
    74 | Abyss:1  | Noticed a spatial vortex
    75 | Abyss:1  | Noticed a spatial vortex
    75 | Abyss:1  | Noticed a large abomination
    75 | Abyss:1  | Noticed a bone dragon
    76 | Abyss:1  | Noticed a spatial vortex
    81 | Abyss:1  | Noticed a spatial vortex
    81 | Abyss:1  | Mangled by a spatial maelstrom

Levels and vault maps discovered:
Abyss:1:  abyss_fake_exit

Table legend:
 A = Non-vault XP
 B = Vault XP
 C = Vault XP percentage of total XP
 D = Non-vault monster count
 E = Vault monster count
 F = Vault count percentage of total count
                 A         B        C        D         E       F
            +---------+---------+-------+---------+---------+-------
      Total |       0 |       0 |   N/A |       0 |       0 |  -nan
            +---------+---------+-------+---------+---------+-------
            +---------+---------+-------+---------+---------+-------
